 Dungeon Crawl Stone Soup version 0.29.1-15-g9cfb28693d (webtiles) character file.

Game seed: 16945432840924494368

305 H0rd4k the Insei (level 6, -1/42 HPs)
             Began as an Octopode Artificer on Mar 2, 2023.
             Slain by a hound (5 damage)
             ... on level 5 of the Dungeon.
             The game lasted 00:04:49 (4587 turns).

H0rd4k the Insei (Octopode Artificer)               Turns: 4587, Time: 00:04:50

Health: -1/42      AC:  1    Str: 11    XL:     6   Next: 39%
Magic:  10/10      EV: 13    Int: 15    God:
Gold:   103        SH:  0    Dex: 13    Spells: 10/10 levels left

rFire   . . .      SeeInvis .     - Unarmed
rCold   . . .      Faith    .   (no shield)
rNeg    . . .      Spirit   .   (helmet restricted)
rPois   .          Reflect  .   (no amulet)
rElec   .          Harm     .   (no ring)
rCorr   .          Rampage  .   (no ring)
Will    .....                   (no ring)
Stlth   +++.......              (no ring)
HPRegen 0.14/turn               (no ring)
MPRegen 0.12/turn               (no ring)
                                (no ring)
                                (no ring)

@: no status effects
A: almost no armour, amphibious, 8 rings, camouflage 1, gelatinous body 1,
(nimble swimmer 1), tentacles
a: no special abilities


You were on level 5 of the Dungeon.
You visited 1 branch of the dungeon, and saw 5 of its levels.

You collected 103 gold pieces.

Inventory:

Magical Staves
 f - a staff of cold
Jewellery
 n - an amulet of regeneration
Wands
 c - a wand of charming (11)
 d - a wand of iceblast (13)
Scrolls
 a - a scroll of enchant armour {unknown}
 e - 2 scrolls of fog {unknown}
 h - 4 scrolls of identify {unknown}
 i - a scroll of blinking {unknown}
 j - 4 scrolls of magic mapping {unknown}
 m - a scroll of brand weapon {unknown}
Potions
 b - a potion of might {unknown}
 g - a potion of berserk rage {unknown}
 k - 2 potions of curing {unknown}
 l - a potion of brilliance {unknown}
 o - a potion of heal wounds {unknown}


   Skills:
 * Level 3.4 Fighting
 - Level 2.3 Dodging
 - Level 1.3 Stealth
 + Level 3.6 Unarmed Combat
 * Level 2.9 Spellcasting
 - Level 3.2 Evocations


You had 10 spell levels left.
You didn't know any spells.
Your spell library contained the following spells:

 Spells                   Type           Power      Damage    Failure   Level
 Ozocubu's Armour         Ice            2%         N/A       52%         3
 Metabolic Englaciation   Hex/Ice        1%         N/A       99%         5
 Simulacrum               Ice/Necr       1%         N/A       100%        6


Dungeon Overview and Level Annotations

Branches:
Dungeon (5/15)
 Temple: D:4-7

Altars:
Cheibriados
Dithmenos
Fedhas
Makhleb
Zin

Shops:
D:3 (?

Annotations:
D:4 1 runed translucent door, exclusion: door, burchardtist's ghost, amateur NaTm


Innate Abilities, Weirdness & Mutations

You cannot wear most types of armour.
You are amphibious.
You can wear up to eight rings at the same time.
Your skin changes colour to match your surroundings (Stealth+).
Your rubbery body absorbs attacks. (AC +1, EV +1)
((You are camouflaged when in or above water. (Stealth+)))
You have tentacles for arms and can constrict up to eight enemies at once.


Message History

The phantom hits you.
You barely miss the phantom.
Your tentacle-slap misses the phantom.
The phantom is severely damaged.
The hound bites you. The phantom hits you.
The phantom blinks!
You blink.
A centaur and an adder come into view.
Found a leather armour.
You are too injured to fight recklessly!
You are too injured to fight recklessly!
You are too injured to fight recklessly!
You are too injured to fight recklessly!
You are too injured to fight recklessly!
You are too injured to fight recklessly!
You are too injured to fight recklessly!
You are too injured to fight recklessly!
You are too injured to fight recklessly!
You are too injured to fight recklessly!
You are too injured to fight recklessly!
You are too injured to fight recklessly!
You are too injured to fight recklessly!
You are too injured to fight recklessly!
You are too injured to fight recklessly!
You are too injured to fight recklessly!
You closely miss the phantom. You squeeze the phantom.
The phantom is severely damaged.
The phantom hits you.
* * * LOW HITPOINT WARNING * * *
You closely miss the phantom.
The phantom is severely damaged.
The phantom hits you.
* * * LOW HITPOINT WARNING * * *
The phantom blinks!
You blink.
You tentacle-slap the phantom.
The phantom is severely damaged.
The phantom hits you!
* * * LOW HITPOINT WARNING * * *
Aiming: Charm
Press: ? - help, Shift-Dir - straight line, f - hound
Aim: a hound (chance to affect: 66%)
The hound struggles to resist.
The hound bites you.
You die...

#. ################ #.
.......ยง.......# #.
###....#.@.##..###.###
#.S..#.hW# .#.....#
#....##..###.#.....#
....c# #..o...#....<##
..#... ##.....#..#...#
. #... ###...#......#
#.[# ####.#......#
###....#......#
.......##.###.#


You could see a phantom, a hound and an orc.

Vanquished Creatures
  2 phantoms (D:4)
  5 adders
  3 gnolls (D:2)
  A worm (D:3)
  A dart slug (D:3)
  3 orcs
  5 bats
  5 endoplasms
  A giant cockroach (D:1)
  9 goblins
  6 hobgoblins
  4 jackals (D:5)
  6 kobolds
  3 quokkas (D:3)
  11 ball pythons
  4 rats
69 creatures vanquished.

Vanquished Creatures (collateral kills)
  An adder (D:4)
1 creature vanquished.

Grand Total: 70 creatures vanquished

Notes
Turn   | Place    | Note
-------+----------+-------------------------------------------
     0 | D:1      | H0rd4k the Octopode Artificer began the quest for the Orb.
     0 | D:1      | Reached XP level 1. HP: 13/13 MP: 1/1
    66 | D:2      | Reached skill level 1 in Spellcasting
    66 | D:2      | Reached XP level 2. HP: 9/19 MP: 2/4
    66 | D:2      | Reached XP level 3. HP: 12/24 MP: 2/5
   317 | D:1      | Found a faded altar of an unknown god.
  1528 | D:3      | Found a glowing silver altar of Zin.
  1536 | D:3      | Reached XP level 4. HP: 30/30 MP: 7/7
  1587 | D:3      | Found a snail-covered altar of Cheibriados.
  1587 | D:3      | Found a faded altar of an unknown god.
  1593 | D:3      | Found a burning altar of Makhleb.
  1596 | D:3      | Found a blossoming altar of Fedhas.
  1598 | D:3      | Found a shadowy altar of Dithmenos.
  1733 | D:3      | Reached skill level 1 in Unarmed Combat
  1794 | D:3      | Found Mizirups's Antique Weapon Shop.
  1815 | D:3      | Found Ubbucry's Magic Scroll Shop.
  2967 | D:4      | Found a runed translucent door.
  2967 | D:4      | Noticed burchardtist's ghost (amateur NaTm)
  3045 | D:4      | Reached XP level 5. HP: 17/36 MP: 8/8
  3344 | D:4      | Noticed a phantom
  3355 | D:4      | Killed a phantom
  3952 | D:4      | Noticed a phantom
  3971 | D:4      | HP: 1/36 [phantom (6)]
  4283 | D:4      | Killed a phantom
  4284 | D:4      | Reached XP level 6. HP: 35/42 MP: 10/10
  4563 | D:5      | Entered Level 5 of the Dungeon
  4587 | D:5      | Slain by a hound

Illustrated notes

Levels and vault maps discovered:
D:1:      lightli_iron_boxes, layout_rooms, dreamdust_ecumenical_altar_statues
D:2:      minmay_chambers_of_twos, layout_loops_cross
D:3:      layout_loops_ring, chequers_temple_overflow_minitemple, zin_academy,
          serial_shops, nicolae_shop_hallway_stairs,
          nicolae_shop_advertising_works [nicolae_subvault_shop_adworks],
          cheibrodos_sewer_entry_bend, nicolae_concentric_dashed_squares_wild
D:4:      layout_basic, serial_curves, eino_curves_04, eino_curves_03,
          gammafunk_ghost_grave, hangedman_decor_clover_reticule,
          roderic_lattice_a, kennysheep_diamond
D:5:      minmay_recursive_quarters, layout_loops_ring, serial_undead,
          serial_undead_c, serial_undead_a, serial_undead_a, serial_undead_e,
          uniq_sigmund

Skill      XL: |  1  2  3  4  5 |
---------------+----------------+-----
Fighting       | 2 3 |  3.4
Spellcasting   | 1 2 |  2.9
Unarmed Combat | 1 3 |  3.6
Dodging        | |  2.3
Stealth        | |  1.3
Evocations     | |  3.2

Action                   |  1- 3 |  4- 6 || total
-------------------------+-------+-------++-------
Melee: Unarmed           |    66 |   117 ||   183
       Constrict         |    20 |    28 ||    48
       Tentacles         |    14 |    30 ||    44
       Punch             |       |     3 ||     3
Evoke: Wand              |     7 |    15 ||    22
 Stab: Sleeping          |     4 |     9 ||    13
Armor: Skin              |    10 |     6 ||    16
Dodge: Dodged            |    50 |    63 ||   113
